Map: Lightshade LE

Players

milkicow

  • Race: Terran Terran
  • League: Grandmaster
  • Spawn Location: 5:00

Rail - Winner!

  • Race: Protoss Protoss
  • League: Master
  • Spawn Location: 11:00

Event: DreamHack SC2 Masters 2020 Winter

VOD

Have the link to the VOD?

Description

Time

  • Played on: Oct. 28, 2020, 12:29 p.m.
  • Length: 10:27

All games in this series

Show
View Real Time Build Order
Export as new Build Order

milkicow Terran 

Build Orders: Reaper Expand 

Get SALT Encoding   

  12  0:00  SCV  
  13  0:12  SCV  
  14  0:17  Supply Depot  
  14  0:24  SCV  
  15  0:39  SCV  
  15  0:40  Barracks  
  16  0:45  Refinery  
  16  0:53  SCV  
  17  1:05  SCV  
  18  1:18  SCV  
  19  1:28  Reaper  
  19  1:31  Orbital Command  
  20  1:41  Command Center  
  20  1:50  Supply Depot  
  20  1:56  SCV  
  20  2:00  Marine  
  22  2:09  SCV  
  22  2:11  Factory  
  23  2:17  Refinery  
  23  2:21  SCV, Barracks Reactor  
  24  2:33  SCV  
  25  2:45  SCV  
  26  2:57  SCV  
  27  2:58  Marine  
  27  2:59  Orbital Command  
  27  3:00  Hellion  
  27  3:02  Starport  
  30  3:06  Marine  
  30  3:09  SCV  
  32  3:16  Marine  
  33  3:21  SCV  
  33  3:24  Marine  
  35  3:30  Factory Tech Lab  
  35  3:31  SCV  
  35  3:34  Supply Depot, SCV, Marine  
  36  3:38  Viking  
  39  3:43  SCV  
  39  3:47  SCV  
  39  3:48  Barracks x2  
  41  3:50  Marine  
  45  3:56  SCV  
  45  4:00  SCV  
  46  4:03  Siege Tank  
  46  4:06  Marine  
  46  4:08  SCV  
  49  4:14  Starport Tech Lab  
  49  4:15  SCV  
  49  4:16  Marine  
  51  4:21  SCV  
  52  4:24  Marine  
  52  4:27  SCV  
  54  4:33  Refinery  
  54  4:35  SCV  
  54  4:36  Engineering Bay  
  53  4:42  SCV  
  53  4:43  Supply Depot  
  53  4:44  Supply Depot  
  54  4:45  Factory Reactor  
  54  4:46  Starport Reactor  
  54  4:50  Combat Shield, Stimpack  
  54  4:54  Refinery  
  54  5:03  Supply Depot  
  54  5:05  Marauder x2, Marine x2, SCV x2, Terran Infantry Weapons Level 1  
  62  5:17  SCV  
  63  5:22  Marine x2  
  63  5:24  Widow Mine x2  
  63  5:25  SCV  
  63  5:26  Marine x2  
  63  5:28  Medivac  
  74  5:38  Medivac  
  74  5:40  Marine x2  
  78  5:48  Supply Depot x2  
  78  5:49  Supply Depot  
  78  6:07  Command Center  
  78  6:09  Marine, SCV  
  78  6:10  Widow Mine x2, SCV, Marauder x2  
  89  6:12  Supply Depot x2  
  89  6:20  Marine  
  89  6:22  SCV  
  91  6:30  Marine  
  91  6:31  Marauder x2  
  91  6:32  Widow Mine x2, SCV  
  101  6:35  SCV  
  101  6:44  SCV  
  101  6:46  Medivac x2  
  106  6:47  SCV  
  106  6:49  Barracks  
  106  6:52  Barracks  
  107  6:54  Supply Depot  
  107  7:01  Marine, Marauder  
  100  7:04  Widow Mine  
  100  7:07  Marauder  
  100  7:08  SCV  
  100  7:16  Widow Mine, Marine  
  100  7:18  SCV  
  98  7:22  Marauder  
  98  7:23  SCV  
  98  7:30  Marauder, Marine  
  98  7:34  Orbital Command  
  98  7:36  Marine  
  94  7:43  Widow Mine  
  94  7:44  Marauder  
  98  7:49  Barracks Tech Lab, Barracks Reactor  
  100  7:51  Marauder  
  100  7:52  Terran Infantry Armor Level 1  
  100  7:53  SCV  
  100  7:55  SCV  
  102  8:00  Marine  
  102  8:02  Widow Mine  
  102  8:03  Marine  
  102  8:05  Marauder, SCV  
  108  8:08  Marauder  
  108  8:09  SCV  
  111  8:13  Marauder  
  111  8:18  Marine  
  106  8:22  Marine  
  106  8:25  SCV  
  106  8:27  Missile Turret, Marauder, SCV x2  
  109  8:29  Marauder  
  109  8:31  Missile Turret  
  109  8:32  Missile Turret  
  105  8:34  Marauder  
  105  8:38  SCV  
  105  8:39  SCV  
  107  8:42  Starport, SCV  
  107  8:43  Armory, Engineering Bay  
  107  8:47  Refinery  
  108  8:48  Refinery  
  108  8:50  Marauder  
  108  8:51  SCV x2  
  108  8:52  Marauder, Medivac  
  108  8:54  Medivac  
  118  8:59  SCV  
  119  9:03  SCV x2  
  119  9:06  Marauder, Marine x2  
  119  9:07  Marine x2  
  127  9:11  SCV  
  127  9:15  SCV  
  127  9:16  SCV  
  129  9:19  Marauder  
  129  9:20  Medivac x2  
  129  9:22  Marauder  
  129  9:24  Marine  
  137  9:25  Ghost Academy  
  137  9:27  Marauder, SCV  
  141  9:33  Marine  
  141  9:36  Supply Depot  
  141  9:37  Supply Depot  
  141  9:49  Marine  
  138  9:57  Ghost x2  
  120  10:16  Missile Turret x2  
Show
View Real Time Build Order
Export as new Build Order

Rail Protoss - Winner!

Build Orders: 1 Gate Expand, Phoenix Opening, Colossus Rush 

Get SALT Encoding   

  12  0:00  Probe  
  13  0:13  Probe  
  14  0:18  Pylon  
  14  0:25  Probe (Chrono Boost)  
  15  0:37  Gateway, Probe (Chrono Boost)  
  16  0:44  Probe (Chrono Boost)  
  16  0:46  Assimilator  
  17  0:51  Probe  
  18  1:03  Probe  
  19  1:24  Cybernetics Core  
  19  1:33  Nexus  
  19  1:39  Pylon  
  19  1:45  Assimilator  
  19  1:49  Probe  
  20  1:58  Adept (Chrono Boost)  
  20  2:01  Probe  
  23  2:13  Stargate, Probe  
  24  2:21  Adept  
  26  2:25  Probe  
  26  2:29  Warp Gate  
  27  2:37  Probe  
  28  2:50  Probe (Chrono Boost)  
  29  2:57  Phoenix (Chrono Boost)  
  29  2:59  Adept  
  29  3:00  Probe (Chrono Boost)  
  33  3:08  Probe (Chrono Boost)  
  33  3:09  Probe (Chrono Boost)  
  34  3:14  Probe x2 (Chrono Boost)  
  36  3:20  Robotics Facility  
  36  3:26  Probe x2  
  38  3:31  Gateway  
  38  3:37  Phoenix  
  38  3:38  Probe (Chrono Boost)  
  38  3:39  Probe (Chrono Boost)  
  42  3:45  Pylon  
  42  3:50  Probe (Chrono Boost)  
  42  3:53  Probe (Chrono Boost)  
  44  3:55  Pylon  
  44  3:59  Probe (Chrono Boost)  
  44  4:01  Probe (Chrono Boost)  
  46  4:03  Phoenix  
  46  4:06  Probe (Chrono Boost)  
  46  4:07  Assimilator, Probe (Chrono Boost)  
  46  4:08  Observer  
  51  4:17  Pylon, Probe (Chrono Boost)  
  52  4:27  Probe (Chrono Boost)  
  52  4:29  Probe (Chrono Boost), Immortal  
  58  4:32  Probe  
  59  4:38  Assimilator  
  59  4:39  Zealot, Sentry  
  63  4:50  Pylon  
  63  4:54  Nexus  
  63  4:59  Robotics Bay  
  63  5:00  Zealot  
  63  5:03  Zealot  
  67  5:07  Pylon  
  67  5:08  Probe  
  68  5:16  Immortal (Chrono Boost)  
  68  5:17  Probe  
  73  5:23  Shield Battery  
  72  5:29  Gateway  
  72  5:32  Gateway  
  72  5:34  Probe  
  73  5:41  Probe  
  74  5:43  Phoenix  
  74  5:46  Twilight Council  
  74  5:47  Observer (Chrono Boost)  
  77  5:50  Probe  
  77  5:53  Probe  
  77  5:56  Colossus (Chrono Boost)  
  79  6:01  Pylon  
  85  6:06  Probe x2  
  85  6:08  Zealot  
  89  6:12  Stalker  
  89  6:15  Probe  
  89  6:17  Extended Thermal Lance  
  92  6:21  Probe x2  
  92  6:25  Phoenix  
  96  6:29  Pylon  
  96  6:30  Probe  
  97  6:36  Probe  
  97  6:37  Probe  
  97  6:39  Colossus (Chrono Boost)  
  105  6:48  Pylon, Observer  
  105  6:50  Charge (Chrono Boost), Probe  
  105  6:51  Probe x2  
  108  7:03  Phoenix  
  108  7:04  Probe  
  108  7:06  Probe  
  110  7:22  Probe  
  109  7:23  Stalker, Zealot x2  
  109  7:24  Zealot  
  109  7:26  Probe  
  109  7:28  Phoenix  
  109  7:29  Gateway x2  
  120  7:33  Probe  
  120  7:34  Probe  
  120  7:37  Assimilator  
  120  7:40  Forge x2  
  120  7:41  Assimilator  
  120  7:49  Zealot  
  120  7:50  Pylon x2  
  122  8:06  Stalker  
  122  8:07  Colossus (Chrono Boost), Zealot x2  
  122  8:08  Probe x2  
  122  8:09  Pylon  
  122  8:12  Zealot  
  133  8:13  Protoss Ground Weapons Level 1 (Chrono Boost), Protoss Ground Armor Level 1 (Chrono Boost)  
  129  8:20  Probe  
  129  8:22  Probe x2  
  129  8:23  Blink  
  129  8:25  Phoenix  
  130  8:31  Nexus  
  132  8:36  Pylon  
  132  8:39  Zealot x3, Sentry  
  132  8:40  Zealot x2  
  142  8:42  Pylon  
  142  8:49  Pylon  
  142  8:56  Disruptor (Chrono Boost), Probe x2  
  142  9:00  Stalker x2, Zealot, Sentry  
  142  9:01  Zealot  
  157  9:07  Photon Cannon  
  157  9:11  Stalker  
  157  9:14  Pylon  
  159  9:24  Stalker, Gateway  
  161  9:27  Gateway  
  161  9:29  Templar Archives  
  161  9:31  Stalker  
  163  9:33  Stalker  
  163  9:34  Probe  
  163  9:35  Probe  
  167  9:46  Stalker x3  
  162  10:06  Stalker, Zealot x2  
Tags
 
Add a new tag
Caveats
  • Supply blocks, unpowered buildings, or Contaminate may cause inaccurate times.
  • Supply counts are checked every 10 seconds.